 Dungeon Crawl Stone Soup version 0.20.1-1-g8b1a95d (webtiles) character file.

996 superdavo the Chopper (level 7, -2/93 HPs)
             Began as a Yellow Draconian Berserker on Oct 15, 2017.
             Was a Priest of Trog.
             Incinerated by Timinator's ghost (3 damage)
             ... with a sticky flame
             ... on level 5 of the Dungeon.
             The game lasted 00:50:17 (5211 turns).

superdavo the Chopper (Yellow Draconian Berserker)  Turns: 5211, Time: 00:50:18

Health: -2/93      AC:  6    Str: 26    XL:     7   Next: 99%
Magic:  7/7        EV: 13    Int:  7    God:    Trog [***...]
Gold:   284        SH:  0    Dex: 11    Spells: 6/6 levels left

rFire    . . .     SeeInvis .   a - +1 hand axe
rCold    . . .     Gourm    .   (no shield)
rNeg     . . .     Faith    .   (armour unavailable)
rPois    .         Spirit   .   (helmet restricted)
rElec    .         Reflect  .   (no cloak)
rCorr    +         Harm     .   (no gloves)
MR       .....                  (no boots)
Stlth    ..........             (no amulet)
Regen    0.3/turn               y - ring of flight
MPRegen  0.1/turn               (no ring)

@: berserking, liquid flames, glowing, very quick
A: spit acid, acid resistance, unfitting armour, cold-blooded, AC +6
a: Breathe Acid, Berserk, Trog's Hand, Burn Spellbooks, Renounce Religion, Evoke
Flight


You were on level 5 of the Dungeon.
You worshipped Trog.
Trog was most pleased with you.
You were very hungry.

You visited 1 branch of the dungeon, and saw 5 of its levels.

You collected 284 gold pieces.

Inventory:

Hand Weapons
 a - a +1 hand axe (weapon)
 b - a +1 dagger of draining
 d - a +0 whip of pain
 e - a +0 club
 g - a +0 club
 j - a cursed +0 club
 k - a +0 spear
 l - a +0 whip
 p - a +0 trident
 q - a +0 hunting sling
 r - a +0 hand axe
 s - a +0 shortbow
Missiles
 c - 124 stones
 i - 68 arrows
 u - 2 tomahawks (quivered)
 w - 15 poisoned needles
Armour
 m - a +1 ring mail
 n - a +0 leather armour
Jewellery
 y - a ring of flight (left hand)
Wands
 o - a wand of polymorph (4/24)
Scrolls
 h - 4 scrolls of teleportation
 t - a scroll of enchant armour
Potions
 v - a potion of flight
Comestibles
 f - a meat ration
 z - 3 bread rations
 C - a royal jelly


   Skills:
 * Level 5.6 Fighting
 * Level 7.3 Axes
 + Level 0.8 Throwing
 + Level 4.4 Dodging
 + Level 1.7 Stealth
 + Level 0.6 Unarmed Combat


You had 6 spell levels left.
You didn't know any spells.

Dungeon Overview and Level Annotations

Branches:
Dungeon (5/15)
 Temple: D:4-7

Altars:
Cheibriados
Dithmenos
Elyvilon

Annotations:
D:5 Timinator's ghost, novice DrFE


Innate Abilities, Weirdness & Mutations

You can spit globs of acid.
You are resistant to acid.
Your golden yellow scales are hard. (AC +6)
You cannot fit into any form of body armour.
You are cold-blooded and may be slowed by cold attacks.


Message History

* * * LOW HITPOINT WARNING * * *
Timinator's ghost freezes you.
* * * LOW HITPOINT WARNING * * *
Unknown command.
Unknown command.
You are too berserk!
You slash Timinator's ghost! You tail-slap Timinator's ghost.
Timinator's ghost is severely damaged.
You hit the phantom.
You are covered in liquid flames!
* * * LOW HITPOINT WARNING * * *
The phantom blinks!
Timinator's ghost gestures at you while chanting.
The flame tongue misses you.
You slash Timinator's ghost!
Timinator's ghost is almost destroyed.
You are covered in liquid flames!
* * * LOW HITPOINT WARNING * * *
You are covered in liquid flames!
You die...

.# ... ......
..#.# #.#.#
#.#.## #.... #
#.#.#####... ..
#.#@........ #.
#.W...##### #..
#.....#
#.########.#####
#........W.#
##.#.####.#.#
#...# #..#.#
###.# ###.## #.#
.#


You could see a phantom and Timinator's ghost.

Vanquished Creatures
  The ghost of Mitsuki the Transmogrifier, a novice MfTm of Okawaru (D:4)
  The ghost of sandworm the Charlatan, an amateur KoAr (D:3)
  A phantom (D:4)
  2 ogres
  A hound (D:4)
  A bullfrog skeleton (D:4)
  A jelly (D:5)
  A centaur skeleton (D:4)
  Ijyb (D:3)
  2 worker ants
  2 gnolls (D:2)
  5 adders
  A shadow imp (D:4)
  An ooze (D:1)
  5 worms
  3 dart slugs
  2 leopard geckos
  11 orcs
  4 giant cockroaches
  8 hobgoblins
  4 quokkas (D:2)
  2 ball pythons
  11 bats
  3 frilled lizards
  8 goblins
  7 kobolds
  5 rats
  A plant (D:2)
95 creatures vanquished.

Notes
Turn   | Place    | Note
-------+----------+-------------------------------------------
     0 | D:1      | superdavo the Draconian Berserker began the quest for the Orb.
     0 | D:1      | Reached XP level 1. HP: 19/19 MP: 1/1
   238 | D:1      | Reached XP level 2. HP: 26/26 MP: 2/2
   793 | D:1      | Reached ** piety under Trog
   849 | D:2      | Reached XP level 3. HP: 16/31 MP: 3/3
  1250 | D:2      | Reached skill level 4 in Axes
  1398 | D:2      | Reached XP level 4. HP: 40/40 MP: 4/4
  2327 | D:3      | Noticed Ijyb
  2383 | D:3      | Killed Ijyb
  2383 | D:3      | Reached XP level 5. HP: 34/46 MP: 5/5
  2522 | D:3      | Found a snail-covered altar of Cheibriados.
  2566 | D:3      | Noticed sandworm's ghost (amateur KoAr)
  2589 | D:3      | Killed sandworm's ghost
  2589 | D:3      | Reached skill level 5 in Axes
  3053 | D:3      | Reached XP level 6. HP: 52/52 MP: 6/6
  3169 | D:3      | Reached *** piety under Trog
  3501 | D:4      | Found a white marble altar of Elyvilon.
  3675 | D:4      | Reached skill level 1 in Stealth
  3772 | D:4      | Noticed Mitsuki's ghost (novice MfTm)
  3804 | D:4      | Killed Mitsuki's ghost
  3804 | D:4      | Reached skill level 6 in Axes
  3804 | D:4      | Your scales start taking on a golden yellow colour.
  3804 | D:4      | Reached XP level 7. HP: 20/60 MP: 7/7
  4038 | D:4      | Reached skill level 5 in Fighting
  4205 | D:4      | Found a shadowy altar of Dithmenos.
  4283 | D:4      | Reached skill level 7 in Axes
  4618 | D:5      | Entered Level 5 of the Dungeon
  4760 | D:5      | HP: 3/61 [worker ant (2)]
  5194 | D:5      | Noticed Timinator's ghost (novice DrFE)
  5210 | D:5      | HP: 1/93 [burnt (5)]
  5211 | D:5      | Incinerated by Timinator's ghost

Skill      XL: |  1  2  3  4  5  6  7 |
---------------+----------------------+-----
Dodging        | 3 4 |  4.4
Axes           | 4 5 6 7 |  7.3
Fighting       | 4 5 |  5.6
Stealth        | 1 |  1.7
Throwing       | |  0.8
Unarmed Combat | |  0.6

Action                   |  1- 3 |  4- 6 |  7- 9 || total
-------------------------+-------+-------+-------++-------
Melee: Hand axe          |   121 |   194 |    99 ||   414
       Tailslap          |    14 |    37 |    18 ||    69
       Unarmed           |       |    40 |       ||    40
       Punch             |       |     2 |     1 ||     3
Throw: Stone             |    32 |     9 |       ||    41
       Tomahawk          |       |       |     5 ||     5
       Throwing net      |       |       |     1 ||     1
Invok: Berserk           |     3 |     4 |     1 ||     8
       Trog's Hand       |       |     1 |     1 ||     2
 Abil: Breathe Acid      |       |       |     2 ||     2
  Use: Potion            |     2 |     5 |     2 ||     9
       Scroll            |     3 |     3 |     4 ||    10
 Stab: Sleeping          |       |     1 |       ||     1
  Eat: Bread ration      |     1 |     1 |       ||     2
       Chunk             |       |     5 |     6 ||    11
       Fruit             |       |     2 |       ||     2
Armor: Skin              |    53 |    42 |    16 ||   111
Dodge: Dodged            |   120 |   113 |    47 ||   280
